 Dungeon Crawl Stone Soup version 0.27-a0-1202-ge72e49191c (webtiles) character file.

Game seed: 14552697452974119711

88 gruber the Magician (level 4, 0/31 HPs)
             Began as a Djinni Hedge Wizard on June 3, 2021.
             Slain by Sigmund
             ... wielding a +0 scythe
              (12 damage)
             ... on level 2 of the Dungeon.
             The game lasted 00:02:46 (3211 turns).

gruber the Magician (Djinni Hedge Wizard)           Turns: 3211, Time: 00:02:46

Health: 0/31       AC:  2    Str:  9    XL:     4   Next: 82%
Gold:   68         EV: 12    Int: 16    God:
                   SH:  0    Dex: 13

rFire    + + .     SeeInvis .   n - +1 dagger (venom)
rCold    x . .     Faith    .   (no shield)
rNeg     . . .     Spirit   .   b - +0 robe
rPois    ∞         Reflect  .   c - +0 hat
rElec    .         Harm     .   (no cloak)
rCorr    .         Rampage  .   (no gloves)
Will     .....                  (boots unavailable)
Stlth    ++........             (no amulet)
HPRegen  0.10/turn              (no ring)
MPRegen  0.00/turn              (no ring)

@: flying
A: sickness immunity, fire resistance 2, cold vulnerability 1, float, innate
caster, hp casting, extra vitality 1
a: no special abilities


You were on level 2 of the Dungeon.
You visited 1 branch of the dungeon, and saw 3 of its levels.

You collected 68 gold pieces.

Inventory:

Hand Weapons
 l - a +0 long sword of protection
 n - a +1 dagger of venom (weapon)
Missiles
 h - a throwing net
Armour
 b - a +0 robe (worn)
 c - a +0 hat (worn)
Scrolls
 d - a scroll of enchant armour {unknown}
 f - a scroll of teleportation {unknown}
 i - a scroll of immolation {unknown}
 k - 4 scrolls of identify {unknown}
Potions
 e - a potion of flight {unknown}
 g - a potion of degeneration {unknown}
 j - a potion of ambrosia {unknown}
 m - a potion of attraction {unknown}


   Skills:
 - Level 2.1 Dodging
 - Level 1.5 Stealth
 + Level 4.0 Spellcasting


You couldn't memorise any spells.
You knew the following spells:

 Your Spells              Type           Power      Damage    Failure   Level
a - Magic Dart            Conj           64%        1d6       3%          1
b - Blink                 Tloc           N/A        N/A       4%          2
c - Call Imp              Summ           16%        N/A       4%          2
d - Slow                  Hex            16%        N/A       4%          2
e - Conjure Flame         Conj/Fire      16%        6-21      10%         3
f - Mephitic Cloud        Conj/Pois/Air  16%        N/A       10%         3
g - Shock                 Conj/Air       64%        1d7       3%          1
Your spell library was empty.

Dungeon Overview and Level Annotations

Branches:
Dungeon (3/15)

Altars:

Annotations:
D:2 Sigmund


Innate Abilities, Weirdness & Mutations

You are immune to sickness and miasma.
You are immune to poison.
Your flesh is very heat resistant. (rF++)
You are vulnerable to cold. (rC-)
You float through the air rather than walking.
You learn spells naturally, not from books.
Your magical power is your life essence.
You have superior vitality. (+4 HP)


Message History

Casting: Slow (safe; 4% risk of failure)
Confirm with . or Enter, or press ? or * to list all spells.
The spell is quite dangerous to cast (10% risk of failure)!
Continue anyway?
Aiming: Mephitic Cloud (quite dangerous; 10% risk of failure)
Press: ? - help, Shift-Dir - straight line, f/p - Sigmund
Aim: Sigmund, wielding a +0 scythe and wearing a +0 robe (slow, ally target, chance to affect: 86%)
The ball explodes into a vile cloud!
The stinking cloud engulfs Sigmund but does no damage.
You hear a shout!
Sigmund is engulfed in noxious fumes.
Sigmund appears confused.
Unknown command.
Unknown command.
Unknown command.
Unknown command.
Unknown command.
Unknown command.
Unknown command.
Sigmund barely misses you.
Your magical contamination has completely faded away.
Unknown command.
Unknown command.
Unknown command.
You hit Sigmund.
Sigmund is poisoned.
Sigmund is lightly wounded.
Your white imp gestures at Sigmund.
The puff of frost hits Sigmund!
Unknown command.
Unknown command.
Unknown command.
You hit Sigmund.
Sigmund looks even sicker.
Sigmund is heavily wounded.
Sigmund wonders, "What am I doing in here?"
Sigmund closely misses you.
Unknown command.
Unknown command.
Unknown command.
You hit Sigmund.
Sigmund looks as sick as possible!
Sigmund is severely wounded.
Sigmund hits you with a +0 scythe!
You die...

#. ##### #..
.....# ##..
......# #...
.......###..##..
.......#.......#
.......#@...#
.......@5#
.......5.#
........>### ♣
.............♣
..........##.♣ P
...............♣≈≈
#...............≈
..............##
..#........>...##≈


You could see Sigmund (confused, extremely poisoned, slow, ally target), a
friendly crimson imp (summoned) and a friendly white imp (summoned).

Vanquished Creatures
  Jessica (D:3)
  An adder (D:3)
  An orc (D:3)
  3 ball pythons
  3 endoplasms
  4 giant cockroaches
  5 goblins
  3 hobgoblins
  3 kobolds
  A quokka (D:1)
  9 bats
  A frilled lizard (D:3)
  2 rats
37 creatures vanquished.

Vanquished Creatures (collateral kills)
  Terence (D:3)
1 creature vanquished.

Vanquished Creatures (others)
  5 plants (D:2)
5 creatures vanquished.

Grand Total: 43 creatures vanquished

Notes
Turn   | Place    | Note
-------+----------+-------------------------------------------
     0 | D:1      | gruber the Djinni Hedge Wizard began the quest for the Orb.
     0 | D:1      | Reached XP level 1. HP: 15/15 MP: 0/0
   384 | D:1      | Reached XP level 2. HP: 18/21 MP: 0/0
   672 | D:1      | Reached skill level 3 in Spellcasting
  1348 | D:1      | Reached XP level 3. HP: 22/25 MP: 0/0
  1348 | D:1      | Learned a level 1 spell: Shock
  2131 | D:2      | You are sucked into a shaft and drop 1 floor!
  2282 | D:3      | Noticed Terence
  2325 | D:3      | Killed Terence
  2326 | D:3      | Reached XP level 4. HP: 3/31 MP: 0/0
  2804 | D:3      | Noticed Jessica
  2807 | D:3      | Killed Jessica
  2808 | D:3      | Reached skill level 4 in Spellcasting
  3198 | D:2      | Noticed Sigmund
  3211 | D:2      | Slain by Sigmund

Illustrated notes

Levels and vault maps discovered:
D:1:      lightli_arrival_boilingwater, layout_basic, minmay_pentomino_v2
D:2:      wander_river, layout_rooms, serial_bayou_ford_a, uniq_sigmund
D:3:      layout_loops_ring, uniq_terence, uniq_jessica

Skill      XL: |  1  2  3  4 |
---------------+-------------+-----
Spellcasting   | 3 4 |  4.0
Dodging        | |  2.1
Stealth        | |  1.5

Action                   |  1- 3 |  4- 6 || total
-------------------------+-------+-------++-------
Melee: Dagger            |       |     9 ||     9
 Cast: Magic Dart        |    81 |     9 ||    90
       Call Imp          |     3 |     2 ||     5
       Blink             |     1 |       ||     1
       Slow              |       |     2 ||     2
       Mephitic Cloud    |       |     1 ||     1
Armor: Robe              |     3 |     2 ||     5
Dodge: Dodged            |    14 |     6 ||    20

Table legend: (Time is in decaauts)
 A = Elapsed time spent in this place.
 B = Non-inter-level travel time spent in this place.
 C = Inter-level travel time spent in this place.
 D = Time resting spent in this place.
 E = Time spent auto-exploring this place.
 F = Levels seen in this place.
 G = Mean time per level.
                   A        B        C        D        E       F      G
               +--------+--------+--------+--------+--------+-----+--------+
         Total |   3210 |   3164 |     46 |    387 |   2560 |   3 | 1070.0 |
       Dungeon |   3210 |   3164 |     46 |    387 |   2560 |   3 | 1070.0 |
               +--------+--------+--------+--------+--------+-----+--------+

Top non-repeatable levels by time:
     D:1: 1510 daAuts
     D:3: 1064 daAuts
     D:2: 635 daAuts
